Map: Lerilak Crest

Players

LilDicky - Winner!

  • Race: Terran Terran
  • League: Diamond

aQua

  • Race: Protoss Protoss
  • League: Platinum

VOD

http://www.twitch.tv/tumescentpie

Description

Time

  • Played on: Nov. 23, 2015, 3:34 p.m.
  • Length: 5:40
Show
View Real Time Build Order
Export as new Build Order

LilDicky Terran - Winner!

Build Orders: MMM Bio 

Get SALT Encoding   

  12  0:01  SCV  
  13  0:13  SCV  
  14  0:18  Supply Depot  
  14  0:25  SCV  
  15  0:29  Refinery  
  15  0:39  SCV  
  16  0:46  Barracks  
  16  0:53  SCV  
  17  1:05  SCV  
  18  1:17  SCV  
  19  1:34  Factory, Orbital Command  
  19  1:35  Marine  
  19  1:39  Supply Depot  
  20  1:53  Marine  
  21  2:03  SCV  
  21  2:04  Barracks  
  22  2:10  Barracks  
  22  2:18  Barracks Reactor  
  22  2:23  SCV  
  22  2:27  Refinery  
  22  2:29  Widow Mine  
  25  2:35  SCV  
  26  2:47  SCV  
  27  2:51  Supply Depot  
  27  2:52  Barracks Tech Lab  
  27  2:57  Barracks Tech Lab, Marine x2  
  28  2:59  SCV  
  28  3:03  Widow Mine  
  31  3:08  Engineering Bay  
  31  3:13  SCV  
  34  3:20  Stimpack  
  34  3:21  Combat Shields  
  34  3:25  SCV  
  33  3:37  Widow Mine  
  35  3:47  Marine x2  
  39  3:48  Marauder  
  39  3:55  Missile Turret  
  39  4:01  Supply Depot  
  39  4:23  Marine x2, Marauder x2  
  45  4:30  Supply Depot  
  45  4:37  Starport  
  45  4:41  Marine x2  
  47  4:59  Marauder  
  47  5:00  Marine x2, Marauder  
  47  5:02  SCV  
  47  5:06  Supply Depot  
  52  5:14  Supply Depot  
Show
View Real Time Build Order
Export as new Build Order

aQua Protoss 

Build Orders: 1 Gate Expand 

Get SALT Encoding   

  12  0:01  Probe (Chrono Boost)  
  13  0:11  Probe (Chrono Boost)  
  14  0:17  Pylon  
  14  0:22  Probe (Chrono Boost)  
  15  0:36  Probe (Chrono Boost)  
  15  0:38  Gateway  
  16  0:46  Probe (Chrono Boost)  
  16  0:47  Assimilator  
  18  0:57  Probe (Chrono Boost)  
  18  1:07  Probe (Chrono Boost)  
  19  1:18  Probe (Chrono Boost)  
  20  1:22  Nexus  
  20  1:31  Cybernetics Core  
  20  1:36  Assimilator  
  21  1:40  Probe (Chrono Boost)  
  21  1:51  Probe (Chrono Boost)  
  21  1:52  Pylon  
  22  2:02  Probe (Chrono Boost)  
  23  2:13  Mothership Core (Chrono Boost)  
  25  2:18  Twilight Council  
  25  2:26  Pylon  
  25  2:31  Probe (Chrono Boost)  
  25  2:36  Probe (Chrono Boost)  
  27  2:38  Pylon  
  27  2:41  Probe (Chrono Boost)  
  28  2:47  Stalker  
  28  2:48  Probe (Chrono Boost)  
  31  2:56  Robotics Facility  
  31  2:58  Probe (Chrono Boost)  
  32  3:03  Assimilator  
  32  3:04  Probe (Chrono Boost)  
  28  3:15  Probe (Chrono Boost)  
  29  3:38  Probe (Chrono Boost)  
  29  3:40  Probe (Chrono Boost)  
  30  3:47  Observer (Chrono Boost)  
  31  3:49  Probe x2  
  33  4:00  Probe  
  33  4:01  Probe  
  33  4:13  Stalker (Chrono Boost)  
  29  4:22  Probe  
  29  4:23  Probe, Observer  
  32  4:32  Probe  
  32  4:34  Assimilator  
  32  4:35  Probe  
  32  4:43  Probe  
  29  4:51  Probe  
  29  4:56  Probe  
  30  5:02  Stalker (Chrono Boost)  
  30  5:03  Probe  
  30  5:07  Probe  
  33  5:11  Gateway  
  33  5:14  Robotics Bay  
  33  5:15  Probe  
  33  5:17  Probe  
  33  5:18  Pylon  
  35  5:21  Gateway  
Tags
 
Add a new tag
Caveats
  • Supply blocks, unpowered buildings, or Contaminate may cause inaccurate times.
  • Supply counts are checked every 10 seconds.